 Dungeon Crawl Stone Soup version 0.31-a0-1110-gab2881137f (webtiles) character file.

Game seed: 14468160506604086517

77643 ChronoRanger the Slayer (level 15, 0/160 HPs)
             Began as a Minotaur Fighter on Dec 3, 2023.
             Was the Champion of Okawaru.
             Killed from afar by a swamp worm (16 damage)
             ... with a harpoon shot
             ... on level 3 of the Swamp.
             The game lasted 01:18:29 (20018 turns).

ChronoRanger the Slayer (Minotaur Fighter)         Turns: 20018, Time: 01:18:30

Health: 0/160      AC: 18    Str: 39    XL:     15   Next: 15%
Magic:  14/14      EV: 18    Int: 14    God:    Okawaru [******]
Gold:   1796       SH:  6    Dex: 11    Spells: 14/14 levels left

rFire   + . .        K - +1 demon whip (venom)
rCold   + . .        c - +1 buckler
rNeg    . . .        o - +1 chain mail of Refuge {rPois rF- Regen+}
rPois   +            (helmet restricted)
rElec   .            D - +0 cloak {rF+}
rCorr   .            g - +1 pair of gloves
SInv    .            (no boots)
Will    .....        v - amulet "Satukipn" {Acrobat Drain rF+ Str+3 Int+6} Stlth
                     E - ring of Meviomu {rC+ Will- EV+5 Str+3 Int+3}
HPRegen 1.26/turn    S - +6 ring of strength
MPRegen 0.14/turn

%: acrobat
@: lethally poisoned (0 -> -13)
A: horns 2, retaliatory headbutt
a: Renounce Religion, Heroism, Finesse, Duel, Receive Armour


You were on level 3 of the Swamp.
You worshipped Okawaru.
Okawaru was exalted by your worship.
You visited 4 branches of the dungeon, and saw 21 of its levels.
You also visited: Bailey and Volcano.

You collected 2465 gold pieces.
You spent 669 gold pieces at shops.

Inventory:

Hand Weapons
 j - the +6 whip "Tolatenn" {elec, rPois rN+}
   (You found it on level 2 of the Dungeon)

   rPois:     It protects you from poison rN+: It protects you from negative
   energy.
 z - the +4 spear of Purpose {holy, rC+ Will++}
   (You found it on level 5 of the Dungeon)

   rC+:       It protects you from cold.
   Will++:    It greatly increases your willpower.
 K - a +1 demon whip of venom (weapon)
 O - a +0 eveningstar of holy wrath
Missiles
 d - 4 throwing nets
 i - 5 atropa-tipped darts
 q - 44 poisoned darts (quivered)
 r - 3 curare-tipped darts
 s - 6 javelins
 P - 8 silver javelins
Armour
 c - a +1 buckler (worn)
 g - a +1 pair of gloves (worn)
 o - the +1 chain mail of Refuge (worn) {rPois rF- Regen+}
   (You found it on level 8 of the Dungeon)

   rF-:       It makes you vulnerable to fire.
   rPois:     It protects you from poison Regen+: It increases your rate of
   health regeneration.
 t - the +0 chain mail of Nyil {rC+++ Regen+ Stlth-}
   (You found it on level 4 of the Dungeon)

   rC+++:     It renders you almost immune to cold.
   Regen+:    It increases your rate of health regeneration.
   Stlth-:    It makes you less stealthy.
 D - a +0 cloak of fire resistance (worn)
 V - a +1 plate armour of fire resistance
Jewellery
 a - a ring of willpower
 v - the amulet "Satukipn" (around neck) {Acrobat Drain rF+ Str+3 Int+6}
   (You bought it in a shop on level 2 of the Orcish Mines)

   [amulet of the acrobat]

   Acrobat:   It increases your evasion while moving and waiting.
   Str+3:     It affects your strength (+3).
   Int+6:     It affects your intelligence (+6).
   rF+:       It protects you from fire.
   Drain:     It drains your maximum health when unequipped.
 E - the ring of Meviomu (left hand) {rC+ Will- EV+5 Str+3 Int+3}
   (You bought it in a shop on level 2 of the Orcish Mines)

   [ring of evasion]

   EV+5:      It affects your evasion (+5).
   Str+3:     It affects your strength (+3).
   Int+3:     It affects your intelligence (+3).
   rC+:       It protects you from cold.
   Will-:     It decreases your willpower.
 S - a +6 ring of strength (right hand)
Wands
 l - a wand of paralysis (15)
 A - a wand of mindburst (34)
 B - a wand of digging (3)
 H - a wand of iceblast (32)
 M - a wand of flame (25)
 R - a wand of polymorph (3)
Scrolls
 f - 6 scrolls of teleportation
 k - 5 scrolls of fog
 m - a scroll of brand weapon
 w - 2 scrolls of enchant armour
 y - 2 scrolls of blinking
 C - 2 scrolls of fear
 J - 3 scrolls of poison
 N - 2 scrolls of immolation
Potions
 e - 8 potions of curing
 n - 3 potions of mutation
 p - 5 potions of haste
 u - 4 potions of heal wounds
 x - 4 potions of enlightenment
 F - a potion of cancellation
 I - a potion of might
 L - a potion of resistance
 Q - 2 potions of lignification
 T - a potion of attraction
 U - a potion of invisibility


   Skills:
 + Level 22.3 Fighting
 - Level 15.0 Maces & Flails
 - Level 15.0 Armour
 - Level 10.0 Dodging
 - Level 5.0 Shields


You had 14 spell levels left.
You didn't know any spells.
Your spell library contained the following spells:

 Spells                   Type           Power      Damage    Failure   Level
 Freeze                   Ice            0%         1d3       56%         1
 Sandblast                Erth           0%         2d4       56%         1
 Cigotuvi's Dreadful Rot  Necr/Pois/Air  0%         N/A       71%         2
 Ensorcelled Hibernation  Hex/Ice        0%         N/A       71%         2
 Jinxbite                 Hex            0%         N/A       71%         2
 Passwall                 Tmut/Erth      0%         N/A       71%         2
 Frozen Ramparts          Ice            0%         1d1       91%         3
 Hailstorm                Conj/Ice       0%         3d3       91%         3
 Stone Arrow              Conj/Erth      0%         3d7       91%         3
 Volatile Blastmotes      Fire/Tloc      0%         2d10      91%         3
 Anguish                  Hex/Necr       0%         N/A       100%        4
 Brom's Barrelling Bould  Conj/Erth      0%         2d3       100%        4
 Dispel Undead            Necr           0%         3d6       100%        4
 Fulminant Prism          Conj/Hex       0%         3d5       100%        4
 Iskenderun's Mystic Bla  Conj/Tloc      0%         2d3       100%        4
 Petrify                  Tmut/Erth      0%         N/A       100%        4
 Metabolic Englaciation   Hex/Ice        0%         N/A       100%        5
 Death Channel            Necr           Unusable   N/A       N/A         6

Dungeon Overview and Level Annotations

Branches:
Dungeon (12/15)            Temple (0/1) D:7            Lair (4/5) D:11
  Swamp (3/4) Lair:3       Spider (0/4) Lair:2          Orc (2/2) D:12
    Elf (0/3) Orc:2        Bailey (visited)         Volcano (visited)
  Slime: Lair:4-5

Altars:
Ashenzari
Cheibriados
Elyvilon
Gozag
Hepliaklqana
Makhleb
Okawaru
Ru
Trog
Xom

Shops:
D:7 *   D:8 ?   D:11 (   Orc:2 *:!*

Annotations:
D:11 4 transporters
Swamp:2 2 transporters, exclusion: orange crystal statue
Swamp:3 Aizul


Innate Abilities, Weirdness & Mutations

You have a pair of horns on your head.
You reflexively headbutt those who attack you in melee.


Message History

Aizul misses you.
You miss Aizul. You headbutt Aizul!!
Aizul is lightly wounded.
You whack Aizul!
Aizul is moderately wounded.
Aizul hits you!
The spriggan rider hits you with a +0 spear!
You hit Aizul but do no damage. You headbutt Aizul.
Aizul is moderately wounded.
You block Aizul's attack.
The bog body touches you but does no damage.
You hit Aizul but do no damage.
Aizul is poisoned.
Aizul is moderately wounded.
The spriggan rider closely misses you. You furiously retaliate!
You headbutt the spriggan rider!
Aizul coils herself and waves her upper body at you.
You fall asleep.
Aizul hits you but does no damage. The bog body touches you!!!
You wake up.
* * * LOW HITPOINT WARNING * * *
The bog body freezes you! You resist.
* * * LOW HITPOINT WARNING * * *
The spriggan rider hits you with a +0 spear!
* * * LOW HITPOINT WARNING * * *
A swamp worm comes into view.
Blink to where?
Press: ? - help, Dir - move target
As you read the scroll of blinking, it crumbles to dust.
The tyrant leech bites you.
* * * LOW HITPOINT WARNING * * *
The tyrant leech draws strength from your injuries!
You block the spriggan rider's attack. Aizul misses you.
Aizul coils herself and waves her upper body at you.
The bolt of poison hits you!
You are poisoned.
You resist.
* * * LOW HITPOINT WARNING * * *
The spriggan rider barely misses you. The tyrant leech completely misses you.
The swamp worm fires a harpoon shot at you.
The harpoon shot hits you!
You die...

♣♣~..~~♣..~~♣~.♣ ..
♣.~~§~~~~.~.♣÷.. ~~~ ♣♣
♣♣.§~~....~.~.~~~
.~~♣♣~♣♣~.....†(....~♣.~
~~~~~~.~..########..~..♣
~ .~w..~§.#.......#[.~.♣
~~~♣~~~~~♣†...........~.
..~.~...wi§?......#....~
♣~~~~@Sn..~.....#..~.~
♣♣♣~♣♣.~~.♣.....#.~~~. ♣
♣♣♣♣...(~###...~~
♣♣...... ....~ ♣~~~♣♣~~
♣~: ♣~♣♣ ♣♣. ~~ .. .~~
♣~.


You could see Aizul (very poisoned), a tyrant leech, a spriggan rider, a bog
body and a swamp worm.

Vanquished Creatures
  A fenstrider witch (Swamp:2)
  2 bunyips
  A shambling mangrove (Swamp:3)
  Josephine (Orc:1)
  5 hydras
  Harold (Orc:1)
  9 alligators
  Erica (D:9)
  3 two-headed ogres
  2 death yaks (Lair:2)
  2 boulder beetles
  5 orc high priests (Orc:2)
  Amaemon (D:9)
  A fire crab (Volcano)
  Lodul (D:10)
  5 goliath frogs
  A lindwurm (Volcano)
  2 slime creatures (D:12)
  A swamp dragon (Swamp:2)
  4 spriggan druids
  A bog body (Swamp:3)
  5 orc knights (Orc:2)
  A deep elf pyromancer (D:12)
  3 cyclopes
  Maurice (D:8)
  2 will-o-the-wisps
  An ugly thing (D:11)
  An orc sorcerer (Orc:2)
  4 manticores
  An orange demon (D:10)
  Joseph (D:8)
  A torpor snail (Lair:2)
  6 cane toads
  4 black mambas
  3 rime drakes
  7 komodo dragons
  Jeremiah (D:9)
  3 kobold demonologists
  Maggie (D:9)
  5 trolls
  2 polar bears (Lair:2)
  8 tyrant leeches
  8 hornets
  11 blink frogs
  4 shadows
  A vampire (D:9)
  9 spriggans
  6 wyverns
  21 yaks
  15 fire bats (Volcano)
  3 wraiths (Orc:1)
  5 basilisks
  3 steam dragons
  5 vampire mosquitoes
  9 swamp worms
  2 acid dragons
  20 water moccasins
  33 orc warriors
  4 black bears
  3 ice beasts
  2 swamp drakes
  3 sky beasts (D:7)
  22 wolves
  2 centaurs
  13 ogres
  A phantom (D:5)
  6 kobold brigands
  15 bullfrogs
  2 scorpions
  A gnoll sergeant (D:8)
  2 electric eels (Lair:3)
  9 howler monkeys
  8 lava snakes (Volcano)
  26 orc priests
  3 hounds
  A jelly (D:5)
  An iguana (D:6)
  13 orc wizards
  6 hell rats (Lair:2)
  6 adders
  13 gnolls
  2 ufetubi (D:6)
  A dart slug (D:1)
  61 orcs
  11 endoplasms
  5 giant cockroaches
  5 hobgoblins
  4 jackals (D:5)
  4 quokkas
  6 ball pythons
  5 bats
  A frilled lizard (D:3)
  9 goblins
  28 kobolds
  6 rats
576 creatures vanquished.

Vanquished Creatures (others)
  A bloated husk (Swamp:2)
  14 foxfires
15 creatures vanquished.

Grand Total: 591 creatures vanquished

Notes
Turn   | Place    | Note
-------+----------+-------------------------------------------
     0 | D:1      | ChronoRanger the Minotaur Fighter began the quest for the
                  | Orb.
     0 | D:1      | Reached XP level 1. HP: 19/19 MP: 0/0
   208 | D:1      | Reached XP level 2. HP: 27/27 MP: 1/1
   949 | D:2      | Reached skill level 4 in Fighting
   969 | D:2      | Reached XP level 3. HP: 33/33 MP: 2/2
  1042 | D:2      | Identified the +6 whip "Tolatenn" {elec, rPois rN+}
  1269 | D:3      | Found a faded altar of an unknown god.
  1471 | D:3      | Noticed a scorpion
  1487 | D:3      | Killed a scorpion
  1488 | D:3      | Reached XP level 4. HP: 32/41 MP: 3/3
  1726 | D:3      | Reached XP level 5. HP: 47/47 MP: 4/4
  2432 | D:4      | Noticed an ogre
  2440 | D:4      | Killed an ogre
  2441 | D:4      | Reached skill level 5 in Maces & Flails
  2441 | D:4      | Reached XP level 6. HP: 55/55 MP: 5/5
  2486 | D:4      | Found a sacrificial altar of Ru.
  2511 | D:4      | Identified the +0 chain mail of Nyil {rC+++ Regen+ Stlth-}
  2567 | D:4      | Reached skill level 5 in Fighting
  2567 | D:4      | Reached skill level 5 in Armour
  2610 | D:4      | Noticed a water moccasin
  2619 | D:4      | Killed a water moccasin
  2620 | D:4      | Reached skill level 5 in Shields
  2774 | D:5      | Entered Level 5 of the Dungeon
  2843 | D:5      | Found a burning altar of Makhleb.
  2961 | D:5      | Reached XP level 7. HP: 53/61 MP: 6/6
  3178 | D:5      | Reached skill level 6 in Fighting
  3608 | D:5      | Identified the +4 spear of Purpose {holy, rC+ Will++}
  4178 | D:6      | Reached XP level 8. HP: 70/71 MP: 7/7
  4323 | D:6      | Found a hazy altar of Hepliaklqana.
  4324 | D:6      | Found a shimmering altar of Xom.
  4325 | D:6      | Noticed a spectral ugly thing
  4380 | D:6      | Found a white marble altar of Elyvilon.
  4510 | D:6      | Found an iron altar of Okawaru.
  4518 | D:6      | Became a worshipper of Warmaster Okawaru
  4852 | D:7      | Found a bloodstained altar of Trog.
  4871 | D:7      | Reached skill level 7 in Fighting
  4916 | D:7      | Found a staircase to the Ecumenical Temple.
  4980 | D:7      | Found Teoci's Assorted Antiques.
  4982 | D:7      | Reached * piety under Okawaru
  5037 | D:7      | Found an opulent altar of Gozag.
  5040 | D:7      | Bought a scroll of identify for 44 gold pieces
  5040 | D:7      | Bought 3 scrolls labelled NUTZAAP WASUU for 66 gold pieces
  5135 | D:7      | Noticed a manticore
  5143 | D:7      | Killed a manticore
  5144 | D:7      | Reached skill level 10 in Maces & Flails
  5174 | D:7      | Noticed a kobold demonologist
  5191 | D:7      | Reached XP level 9. HP: 72/80 MP: 8/8
  5200 | D:7      | Killed a kobold demonologist
  5200 | D:7      | Reached ** piety under Okawaru
  5201 | D:7      | Reached skill level 8 in Fighting
  5261 | D:7      | Reached skill level 11 in Fighting
  5261 | D:7      | Reached skill level 15 in Maces & Flails
  5261 | D:7      | Reached XP level 10. HP: 96/96 MP: 9/9
  5517 | D:8      | Identified the +1 chain mail of Refuge {rPois rF- Regen+}
  5527 | D:8      | Found a snail-covered altar of Cheibriados.
  5577 | D:8      | Found Guimor's Magic Scroll Emporium.
  5623 | D:8      | Found a flagged portal.
  5632 | Bailey   | Entered a bailey
  5712 | Bailey   | Reached *** piety under Okawaru
  5748 | Bailey   | Noticed a two-headed ogre
  5765 | Bailey   | Killed a two-headed ogre
  5766 | Bailey   | Reached skill level 12 in Fighting
  6064 | D:8      | Identified the ring "Gef Cate" {Ice Fly Int+2}
  6098 | D:8      | Noticed Maurice
  6119 | D:8      | Something stole 30 poisoned darts
  6121 | D:8      | Killed Maurice
  6191 | D:8      | Noticed Joseph
  6199 | D:8      | Killed Joseph
  6199 | D:8      | Reached **** piety under Okawaru
  6200 | D:8      | Reached XP level 11. HP: 98/105 MP: 10/10
  6340 | D:8      | Bought a scroll of identify for 26 gold pieces
  6340 | D:8      | Bought a scroll of identify for 26 gold pieces
  6340 | D:8      | Bought a scroll of teleportation for 39 gold pieces
  6613 | D:9      | Noticed Maggie
  6628 | D:9      | Killed Maggie
  6671 | D:9      | Noticed Erica
  6691 | D:9      | Killed Erica
  6692 | D:9      | Reached skill level 13 in Fighting
  6815 | D:9      | Noticed Jeremiah
  6828 | D:9      | Killed Jeremiah
  6860 | D:9      | Found a broken altar of Ashenzari.
  6973 | D:9      | Reached skill level 10 in Armour
  7337 | D:10     | Entered Level 10 of the Dungeon
  7337 | D:10     | Noticed Amaemon
  7352 | D:9      | Killed Amaemon
  7353 | D:9      | Reached skill level 14 in Fighting
  7353 | D:9      | Reached skill level 1 in Dodging
  7404 | D:10     | Reached ***** piety under Okawaru
  7676 | D:10     | Noticed Lodul
  7690 | D:10     | Killed Lodul
  8195 | D:11     | Found a transporter.
  8202 | D:11     | Found a transporter.
  8204 | D:11     | Found a transporter.
  8204 | D:11     | Found a transporter.
  8231 | D:11     | Found a staircase to the Lair.
  8258 | D:11     | Reached skill level 15 in Fighting
  8362 | D:11     | Noticed a purple ugly thing
  8379 | D:11     | Killed a purple ugly thing
  8386 | D:11     | Found Watiulug's Weapon Shop.
  8391 | D:11     | Reached XP level 12. HP: 108/121 MP: 11/11
  8602 | D:11     | Reached skill level 5 in Dodging
  8883 | D:11     | Noticed a two-headed ogre
  8884 | D:11     | Noticed a boulder beetle
  8891 | D:11     | Killed a two-headed ogre
  8892 | D:11     | Reached skill level 16 in Fighting
  8903 | D:11     | Killed a boulder beetle
  9266 | Lair:1   | Entered Level 1 of the Lair of Beasts
  9314 | Lair:1   | Received a gift from Okawaru
  9674 | Lair:1   | Reached skill level 17 in Fighting
  9719 | Lair:1   | Reached ****** piety under Okawaru
  9912 | Lair:1   | Received a gift from Okawaru
 10312 | Lair:1   | Acquired a +0 eveningstar of holy wrath
 10312 | Lair:1   | Received a gift from Okawaru
 10433 | Lair:2   | Noticed a death yak
 10438 | Lair:2   | Noticed a death yak
 10446 | Lair:2   | Killed a death yak
 10457 | Lair:2   | Killed a death yak
 10545 | Lair:2   | Reached skill level 18 in Fighting
 10547 | Lair:2   | Received a gift from Okawaru
 10555 | Lair:2   | Reached XP level 13. HP: 114/132 MP: 12/12
 11307 | Lair:2   | Found a hole to the Spider Nest.
 12066 | Lair:3   | Received a gift from Okawaru
 12319 | Lair:3   | Reached skill level 19 in Fighting
 12491 | Lair:3   | Found a staircase to the Swamp.
 14152 | D:12     | Received a gift from Okawaru
 14188 | D:12     | Found a staircase to the Orcish Mines.
 14261 | D:12     | Found a sacrificial altar of Ru.
 14354 | D:12     | Reached skill level 10 in Dodging
 15048 | Orc:1    | Entered Level 1 of the Orcish Mines
 15063 | Orc:1    | Found a dark tunnel.
 15088 | Volcano  | Entered a volcano
 15263 | Volcano  | Received a gift from Okawaru
 15352 | Volcano  | Found a radiant altar of Vehumet.
 15476 | Orc:1    | Noticed Josephine
 15489 | Orc:1    | Killed Josephine
 15527 | Orc:1    | Noticed Harold
 15539 | Orc:1    | Killed Harold
 15540 | Orc:1    | Reached skill level 20 in Fighting
 15540 | Orc:1    | Reached XP level 14. HP: 121/148 MP: 13/13
 16097 | Orc:2    | Entered Level 2 of the Orcish Mines
 16351 | Orc:2    | Received a gift from Okawaru
 16879 | Orc:2    | Found Naipoek's General Store.
 16879 | Orc:2    | Found Suuru's Assorted Antiques.
 16880 | Orc:2    | Found Pisarpha's Book Emporium.
 16880 | Orc:2    | Found Zokhoetz's Distillery.
 16894 | Orc:2    | Bought a potion of heal wounds for 60 gold pieces
 16894 | Orc:2    | Bought a potion of heal wounds for 60 gold pieces
 16894 | Orc:2    | Bought a potion of might for 48 gold pieces
 16896 | Orc:2    | Bought a translucent ruby amulet for 150 gold pieces
 16896 | Orc:2    | Identified the amulet "Satukipn" {Acrobat Drain rF+ Str+3
                  | Int+6} (You bought it in a shop on level 2 of the Orcish
                  | Mines)
 16896 | Orc:2    | Bought a transparent ivory ring for 150 gold pieces
 16896 | Orc:2    | Identified the ring of Meviomu {rC+ Will- EV+5 Str+3 Int+3}
                  | (You bought it in a shop on level 2 of the Orcish Mines)
 17017 | Orc:2    | Found a staircase to the Elven Halls.
 17485 | Swamp:1  | Entered Level 1 of the Swamp
 17506 | Swamp:1  | Received a gift from Okawaru
 18208 | Swamp:1  | Received a gift from Okawaru
 18669 | Swamp:1  | Reached skill level 15 in Armour
 18760 | Swamp:2  | Reached skill level 21 in Fighting
 19157 | Swamp:2  | Noticed a thorn hunter
 19183 | Swamp:2  | Noticed a tentacled monstrosity
 19187 | Swamp:2  | Found a transporter.
 19187 | Swamp:2  | Found a transporter.
 19189 | Swamp:2  | Noticed a thorn hunter
 19191 | Swamp:2  | Noticed a tentacled monstrosity
 19191 | Swamp:2  | Noticed a thorn hunter
 19327 | Swamp:2  | Noticed a thorn hunter
 19331 | Swamp:2  | Noticed a fenstrider witch
 19333 | Swamp:2  | Paralysed by a fenstrider witch for 4 turns
 19356 | Swamp:2  | Killed a fenstrider witch
 19491 | Swamp:3  | Received a gift from Okawaru
 19592 | Swamp:3  | Reached XP level 15. HP: 113/160 MP: 14/14
 19703 | Swamp:3  | Reached skill level 22 in Fighting
 20007 | Swamp:3  | Identified the serpent talisman of a Labyrinth {rPois rF+++
                  | SInv Stlth+}
 20007 | Swamp:3  | Noticed Aizul
 20018 | Swamp:3  | Killed from afar by a swamp worm

Illustrated notes

Levels and vault maps discovered:
D:1:      lightli_arrival_boilingwater, layout_loops_ring,
          minmay_small_reverse_x
D:2:      layout_rooms
D:3:      layout_loops_corners, nicolae_ecumenical_pavilion
D:4:      layout_rooms, lemuel_tele_altar, nicolae_grassy_gnolls
D:5:      layout_gridville, mainiacjoe_overflow_cross_hatched
D:6:      layout_basic, mainiacjoe_overflow_brackets, okawaru_altar_gauntlet_db,
          regret_index_temple_of_mockery
D:7:      cheibrodos_barr_body, layout_rooms, nicolae_gozag_seed_capital,
          trog_three_pillars_becter, minmay_temple_entry_overgrown,
          serial_shops, shop, minmay_misc_feat_room
D:8:      layout_loops_ring, mainiacjoe_overflow_surrounded_room, serial_shops,
          shop_fountains, enter_bailey_2, uniq_joseph, uniq_maurice
D:9:      layout_irregular_city, mainiacjoe_overflow_concentric_impassable,
          minmay_hedge_maze, uniq_jeremiah, uniq_maggie, uniq_erica
D:10:     layout_layer_cave, uniq_amaemon, uniq_lodul
D:11:     layout_stronghold, minmay_lair_entry_grove, serial_shops, shop,
          nicolae_diode_intersection
D:12:     layout_irregular_city, orc_0_dummy, nicolae_ru_sacrificial_ziggurat
Lair:1:   layout_loops_ring, chequers_serial_rivers_large_b
Lair:2:   layout_cave_pods, dummy_spider_entry, beast_lair_carwin_10,
          grunt_megastairs_1
Lair:3:   layout_regular_city, nicolae_swamp_entry_splash_gauntlet,
          lemuel_fruit_fields, serial_bayou_shore_a
Lair:4:   layout_layer_cave, kennysheep_catoblepas_arena, grunt_megastairs_4
Swamp:1:  layout_basic_swamp, evilmike_swamp_ruin_rubble_2
Swamp:2:  gammafunk_sealed_arena, layout_basic_swamp, hangedman_swamp_blocks
Swamp:3:  layout_falls_marsh, serial_swamp_ruin, evilmike_swamp_ruin_house_4,
          evilmike_swamp_ruin_house_6, evilmike_swamp_ruin_house_2, uniq_aizul
Orc:1:    layout_caves, nicolae_volcano_entry_lava_flow, basic_altar,
          nicolae_orc_lava_room, uniq_harold, uniq_josephine
Orc:2:    st_orc_pillars, layout_caves

Skill      XL: |  1  2  3  4  5  6  7  8  9 10 11 12 13 14 15 |
---------------+----------------------------------------------+-----
Maces & Flails | 3 4 5 6 7 10 15 | 15.0
Fighting       | 4 5 6 7 11 12 15 18 20 21 22 | 22.3
Armour         | 4 5 6 7 8 9 10 11 15 | 15.0
Shields        | 4 5 |  5.0
Dodging        | 4 8 10 | 10.0

Action                     |  1- 3 |  4- 6 |  7- 9 | 10-12 | 13-15 || total
---------------------------+-------+-------+-------+-------+-------++-------
  Melee: Flail             |    49 |       |       |       |       ||    49
         Headbutt          |     8 |    13 |    30 |   156 |   240 ||   447
         Whip              |    31 |    81 |   181 |   218 |       ||   511
         Demon whip        |       |       |       |   371 |  1043 ||  1414
  Throw: Dart              |       |       |       |       |     3 ||     3
 Invoke: Heroism           |       |       |       |     1 |     4 ||     5
         Receive Weapon    |       |       |       |     1 |       ||     1
    Use: Scroll            |     6 |     2 |    13 |     6 |     8 ||    35
         Potion            |       |     1 |     1 |     2 |     2 ||     6
 Armour: Scale mail        |    41 |    22 |       |       |       ||    63
         Chain mail        |       |    22 |    93 |   248 |   522 ||   885
  Dodge: Dodged            |    24 |    28 |    54 |   162 |   464 ||   732
  Block: Buckler           |    18 |    17 |    27 |    81 |   189 ||   332

Table legend: (Time is in decaauts)
 A = Elapsed time spent in this place.
 B = Non-inter-level travel time spent in this place.
 C = Inter-level travel time spent in this place.
 D = Time resting spent in this place.
 E = Time spent auto-exploring this place.
 F = Levels seen in this place.
 G = Mean time per level.
                   A        B        C        D        E       F      G
               +--------+--------+--------+--------+--------+-----+--------+
         Total |  19449 |  18517 |    932 |   1903 |   7975 |  23 |  845.6 |
       Dungeon |   9821 |   9256 |    565 |    517 |   4678 |  12 |  818.4 |
          Lair |   4618 |   4379 |    239 |    313 |   2193 |   4 | 1154.5 |
         Swamp |   2582 |   2528 |     54 |    795 |    384 |   3 |  860.7 |
  Orcish Mines |   1772 |   1699 |     73 |    173 |    638 |   2 |  886.0 |
        Bailey |    310 |    310 |      0 |     41 |     14 |   1 |  310.0 |
       Volcano |    345 |    345 |      0 |     64 |     67 |   1 |  345.0 |
               +--------+--------+--------+--------+--------+-----+--------+

Top non-repeatable levels by time:
  Lair:4: 1355 daAuts
  Lair:2: 1321 daAuts
 Swamp:1: 1218 daAuts
    D:11: 1193 daAuts
   Orc:2: 1131 daAuts
     D:5: 1042 daAuts
  Lair:1: 1032 daAuts
    D:12: 995 daAuts
     D:6: 955 daAuts
  Lair:3: 909 daAuts
 Swamp:2: 884 daAuts
     D:3: 812 daAuts
     D:9: 779 daAuts
     D:8: 769 daAuts
     D:1: 743 daAuts
